[Event "Titled Tuesday Blitz August 15 Late 2023"]
[White "Hristodoulou, Panagiotis"]
[Black "Hoang, Thi Bao Tram"]
[WhiteFideId "4214340"]
[BlackFideId "12401102"]
[WhiteElo "2507"]
[BlackElo "2674"]
[Result "0-1"]
[Round "6"]
[TimeControl "180+1"]
[Date "2023.08.15"]
[WhiteClock "0:00:04"]
[BlackClock "0:00:04"]
[Board "54"]

1. d4 d5 2. Nc3 Nf6 3. Bf4 e6 4. e3 Bd6 5. Nf3 c5 6. dxc5 Bxc5 7. Bd3 Nc6 8. O-O O-O 9. e4 Nb4 10. e5 Nxd3 11. cxd3 Nd7 12. Rc1 a6 13. Re1 Be7 14. Ne2 Kh8 15. Ned4 Rg8 16. h3 Nb8 17. Qd2 g5 18. Bg3 Bd7 19. Nh2 Qb6 20. Ndf3 Bb4 21. Rc3 d4 22. Nxg5 Be8 23. Re4 dxc3 24. Rh4 Rg7 25. Qf4 cxb2 26. Ng4 b1=Q+ 27. Kh2 Be7 28. Nf6 Q6b4 29. Ngxh7 Qxf4 30. Bxf4 Qxd3 31. Ng5+ Rh7 32. Ngxh7 Bxf6 33. Nxf6+ Kg7 34. Bh6+ Kg6 35. f4 Nd7 36. g4 Nxf6 37. exf6 Kxf6 38. Bg5+ Kg6 39. Rh6+ Kg7 40. Rh5 f6 41. Bh4 Bxh5 0-1


[Site "https://www.chess.com"]

[Event "Titled Tuesday Blitz August 15 Late 2023"]
[White "arenal72"]
[Black "Bjelobrk, Igor"]
[BlackFideId "4300726"]
[WhiteElo "2499"]
[BlackElo "2673"]
[Result "0-1"]
[Round "6"]
[TimeControl "180+1"]
[Date "2023.08.15"]
[WhiteClock "0:00:00"]
[BlackClock "0:00:11"]
[Board "55"]

1. e4 e6 2. d4 d5 3. e5 c5 4. c3 Nc6 5. Nf3 Qb6 6. Bd3 cxd4 7. O-O Bd7 8. Nbd2 Nge7 9. c4 a5 10. a3 a4 11. Re1 h6 12. Qc2 Na5 13. c5 Qc7 14. Nxd4 Nec6 15. Nb5 Qd8 16. Nd6+ Bxd6 17. exd6 b6 18. cxb6 Qxb6 19. Qxa4 Ne5 20. Qc2 Rc8 21. Qb1 Nxd3 22. Qxd3 O-O 23. b4 Nc4 24. Nxc4 Rxc4 25. Qg3 Kh8 26. Bb2 f6 27. Rac1 Rxc1 28. Rxc1 e5 29. h4 Qxd6 30. Rc5 d4 31. Qd3 Rd8 32. f3 Be6 33. a4 Bg8 34. a5 Bh7 35. Qd2 d3 36. Kf2 e4 37. fxe4 Bxe4 38. Kg1 Re8 39. Bc3 Qg3 40. Qf2 Qg6 41. h5 Qg4 42. Kh2 f5 0-1


[Site "https://www.chess.com"]

[Event "Titled Tuesday Blitz August 15 Late 2023"]
[White "Ozdemir, Serhan Berat"]
[Black "Tomb, Maroun"]
[WhiteFideId "6374611"]
[BlackFideId "5300398"]
[WhiteElo "2662"]
[BlackElo "2495"]
[Result "1-0"]
[Round "6"]
[TimeControl "180+1"]
[Date "2023.08.15"]
[WhiteClock "0:00:04"]
[BlackClock "0:00:00"]
[Board "56"]

1. e4 c5 2. Nf3 Nc6 3. Bb5 g6 4. Bxc6 dxc6 5. d3 Bg7 6. h3 Nf6 7. Nc3 Nd7 8. Be3 b6 9. Qd2 h5 10. O-O e5 11. Nh2 Nf8 12. f4 exf4 13. Bxf4 Ne6 14. Bg3 O-O 15. Rae1 Nd4 16. e5 Bf5 17. Ne4 Bxe4 18. Rxe4 Qd5 19. Bf4 Rae8 20. Rfe1 Rd8 21. b3 Ne6 22. Bh6 b5 23. Nf3 Rfe8 24. g4 hxg4 25. hxg4 c4 26. bxc4 bxc4 27. Bxg7 Kxg7 28. Kg2 cxd3 29. Rh1 Rh8 30. Rxh8 Rxh8 31. cxd3 Rd8 32. Qc3 Qxd3 33. Qxc6 Rb8 34. Kg3 Rb1 35. Qc4 Qd1 36. Qe2 Qd5 37. Qc4 Qd1 38. Re2 Qh1 39. Qe4 Ng5 40. Nxg5 Rg1+ 41. Kf4 Rf1+ 42. Nf3 Qh2+ 43. Ke3 Qg3 44. Qf4 Rxf3+ 45. Qxf3 Qxe5+ 46. Kf2 Qd4+ 47. Kg2 Kh7 48. Rf2 1-0


[Site "https://www.chess.com"]

[Event "Titled Tuesday Blitz August 15 Late 2023"]
[White "MFatigue"]
[Black "Hansen, Torbjorn Ringdal"]
[BlackFideId "1501720"]
[WhiteElo "2491"]
[BlackElo "2654"]
[Result "1-0"]
[Round "6"]
[TimeControl "180+1"]
[Date "2023.08.15"]
[WhiteClock "0:01:01"]
[BlackClock "0:00:00"]
[Board "57"]

1. e4 e5 2. Nf3 Nc6 3. d4 exd4 4. Bc4 Nf6 5. O-O Nxe4 6. Re1 d5 7. Bxd5 Qxd5 8. Nc3 Qa5 9. Nxe4 Be6 10. Neg5 O-O-O 11. Nxe6 fxe6 12. Rxe6 Be7 13. Ne5 Nxe5 14. Rxe7 Rhe8 15. Rxe8 Rxe8 16. Bd2 Qd5 17. Qh5 g6 18. Qxh7 Qe4 19. Qh3+ Kb8 20. c3 d3 21. Re1 Qa4 22. b3 Qxa2 23. Qe3 b6 24. f4 Qc2 25. fxe5 Rf8 26. e6 Re8 27. e7 Qxb3 28. Qxd3 Kb7 29. Qd7 Qf7 30. Bg5 a5 31. Rf1 1-0


[Site "https://www.chess.com"]

[Event "Titled Tuesday Blitz August 15 Late 2023"]
[White "Itkis, Boris"]
[Black "Papayan, Oleg"]
[WhiteFideId "1209167"]
[BlackFideId "4193911"]
[WhiteElo "2489"]
[BlackElo "2627"]
[Result "0-1"]
[Round "6"]
[TimeControl "180+1"]
[Date "2023.08.15"]
[WhiteClock "0:00:11"]
[BlackClock "0:00:16"]
[Board "58"]

1. c4 e5 2. Nc3 Nf6 3. Nf3 Nc6 4. e4 Bb4 5. d3 O-O 6. a3 Bxc3+ 7. bxc3 d6 8. g3 Nd7 9. Nh4 Nc5 10. Bg2 a5 11. O-O a4 12. Be3 b6 13. Ra2 Bd7 14. Nf5 Qf6 15. h4 h6 16. f4 exf4 17. Nd4 Rae8 18. Rxf4 Qg6 19. Raf2 Ne5 20. h5 Qxg3 21. Qd2 Ncxd3 22. Nf3 Nxf2 23. Bxf2 Nxf3+ 24. Rxf3 Qg5 25. Qd3 Qxh5 26. Rg3 Re5 27. Bd4 Rg5 28. Rf3 Qg4 29. Qe2 Re8 30. Re3 Qxe2 31. Rxe2 Bc6 32. Kf2 Rg4 33. Bf3 Rh4 34. Kg3 g5 35. Re1 Bxe4 36. Bf2 Rf4 37. Bg4 f5 38. Bh5 Re7 39. Be3 Bc6 40. Re2 Rfe4 41. Kf2 f4 42. Bd4 Rxe2+ 43. Bxe2 Kf7 44. Bf3 Bxf3 45. Kxf3 c5 46. Bf2 Kf6 0-1


[Site "https://www.chess.com"]

[Event "Titled Tuesday Blitz August 15 Late 2023"]
[White "djathtaspogradec"]
[Black "SmirnovAlexandrA"]
[WhiteElo "2464"]
[BlackElo "2625"]
[Result "1/2-1/2"]
[Round "6"]
[TimeControl "180+1"]
[Date "2023.08.15"]
[WhiteClock "0:00:09"]
[BlackClock "0:00:09"]
[Board "59"]

1. e4 d5 2. exd5 Qxd5 3. Nc3 Qd6 4. Nf3 Nf6 5. d4 a6 6. g3 Bg4 7. Bg2 Nc6 8. O-O O-O-O 9. h3 Bh5 10. g4 Bg6 11. Be3 e6 12. Qd2 h6 13. Rad1 Be7 14. Rfe1 Nd5 15. Nxd5 exd5 16. Bf4 Qf6 17. Ne5 Rhe8 18. c3 Nxe5 19. Bxe5 Qg5 20. Qxg5 hxg5 21. Bxg7 c6 22. Be5 a5 23. Bf1 a4 24. Bd3 Bxd3 25. Rxd3 f6 26. Bg3 Bf8 27. Rxe8 Rxe8 28. Kf1 b5 29. b3 axb3 30. axb3 b4 31. c4 dxc4 32. bxc4 c5 33. dxc5 Bxc5 34. Rd5 Bf8 35. Rb5 Kd7 36. c5 Kc6 37. Rxb4 Bxc5 38. Rc4 Kd5 39. Rc2 Re4 40. Kg2 Ra4 41. Re2 Re4 42. Rd2+ Rd4 43. Rc2 Rc4 44. Ra2 Be7 45. Ra6 Rc6 46. Ra5+ Ke6 47. Ra8 Kf7 48. Ra5 Rc5 49. Ra4 Kg6 50. Re4 Kf7 51. Kf3 Rc3+ 52. Ke2 Rc2+ 53. Kd3 Ra2 54. Rc4 Ra3+ 55. Ke4 Ra1 56. Rc7 Re1+ 57. Kf5 Rd1 58. Rc6 Rd5+ 59. Ke4 Ra5 60. Rc7 Ra4+ 61. Kd5 Ra5+ 62. Kc4 Ra4+ 63. Kb5 Rb4+ 64. Ka5 Rd4 65. Kb5 Rb4+ 66. Ka6 Ke6 67. Ka5 Rd4 68. Rc6+ Kd7 69. Rc7+ Ke6 70. Rc2 Kf7 71. Kb5 Rb4+ 72. Kc6 Re4 73. Kd5 Re1 74. Rc7 Rd1+ 75. Ke4 Re1+ 76. Kf3 Rd1 77. h4 gxh4 78. Bxh4 Rd3+ 79. Kg2 Rd5 80. Bg3 Ke6 81. Rc6+ Kd7 82. Ra6 Rb5 83. Kh3 Ke8 84. Ra7 Rd5 85. Bf4 Rd7 86. Ra6 Kf7 87. Kh4 Rb7 88. Kh5 Rb5+ 89. Kh6 Rb2 90. Bg3 Rb5 91. Ra7 Kf8 92. Kg6 Rg5+ 93. Kh6 Rxg4 94. Ra6 Kf7 95. Kh5 Rg5+ 96. Kh4 Rd5 97. Kg4 Kg6 98. Re6 Bc5 99. Re2 Bd4 100. Kf3 Rd7 101. Rd2 Rd8 102. Bc7 Rd5 103. Kg2 Rd7 104. Bg3 Rd5 105. Kf1 Kf7 106. Ke2 Ke6 107. Kd1 Be5 108. Ke2 Rxd2+ 109. Kxd2 Bxg3 110. fxg3 Kf5 111. Ke3 Kg4 112. Kf2 f5 113. Kg2 f4 114. gxf4 Kxf4 1/2-1/2


[Site "https://www.chess.com"]

[Event "Titled Tuesday Blitz August 15 Late 2023"]
[White "Gurevich, Dmitry"]
[Black "Mendez Fortes, Eduardo Jesus"]
[WhiteFideId "2000407"]
[BlackFideId "3502376"]
[WhiteElo "2472"]
[BlackElo "2614"]
[Result "1-0"]
[Round "6"]
[TimeControl "180+1"]
[Date "2023.08.15"]
[WhiteClock "0:00:03"]
[BlackClock "0:00:07"]
[Board "60"]

1. d4 Nf6 2. c4 e6 3. Nc3 Bb4 4. a3 Bxc3+ 5. bxc3 c5 6. e3 d6 7. Bd3 Nc6 8. Ne2 b6 9. O-O Na5 10. Ng3 Ba6 11. e4 e5 12. d5 Qd7 13. Bg5 O-O-O 14. Bxf6 gxf6 15. Nf5 Bxc4 16. a4 Bb3 17. Qe2 Bxa4 18. Nxd6+ Qxd6 19. Rxa4 Kd7 20. Rfa1 Ke7 21. Qf3 h5 22. h4 Qd7 23. g3 Rdg8 24. Kh2 Rg4 25. Bf1 Rg7 26. Bh3 Qc7 27. Bf5 Rgg8 28. Rd1 Qd6 29. Qe2 Ra8 30. Rda1 a6 31. Rb1 c4 32. Rxa5 bxa5 33. Rb7+ Kf8 34. Qb2 Kg7 35. Be6 Rhf8 36. Qe2 Rab8 37. Rd7 Qb6 38. Kg2 Rbd8 39. Qxh5 Rxd7 40. Bxd7 Rd8 41. Ba4 Kf8 42. Qf5 Ke7 43. h5 Qd6 44. h6 Qc7 45. Qg4 Qc8 46. Qh5 Rh8 47. d6+ Ke6 48. d7 Qd8 49. Qd1 Qc7 50. Qd5+ Ke7 51. Qd1 Qd6 52. Qg4 Qe6 53. Qg7 Rb8 54. h7 f5 55. h8=Q Rxh8 56. Qxh8 Qd6 57. Qe8+ Kf6 58. d8=Q+ 1-0


[Site "https://www.chess.com"]

[Event "Titled Tuesday Blitz August 15 Late 2023"]
[White "Wieczorek, Oskar"]
[Black "Kubatko, Ivan"]
[WhiteFideId "1133950"]
[BlackFideId "24111473"]
[WhiteElo "2611"]
[BlackElo "2454"]
[Result "1-0"]
[Round "6"]
[TimeControl "180+1"]
[Date "2023.08.15"]
[WhiteClock "0:00:49"]
[BlackClock "0:00:00"]
[Board "61"]

1. e4 d5 2. exd5 Qxd5 3. Nf3 Nf6 4. Be2 Bg4 5. h3 Bh5 6. c4 Qd6 7. d4 e6 8. Nc3 c6 9. O-O Nbd7 10. Be3 Be7 11. b4 Qxb4 12. Qd2 Qa5 13. Rab1 Bb4 14. Rxb4 Qxb4 15. Rb1 Qa5 16. Rxb7 O-O 17. g4 Bg6 18. Ne5 Nxe5 19. dxe5 Qxe5 20. Bd4 Qa5 21. Qe3 Rfd8 22. h4 Qa6 23. Re7 Re8 24. Rc7 Rec8 25. Re7 Re8 26. Bxf6 gxf6 27. Rxe8+ Rxe8 28. h5 Bc2 29. Qd2 Ba4 30. Ne4 f5 31. Nf6+ Kf8 32. Qd6+ Re7 33. Qd8+ Kg7 34. Qxe7 1-0


[Site "https://www.chess.com"]

[Event "Titled Tuesday Blitz August 15 Late 2023"]
[White "KrokerGuy"]
[Black "Altman, Joshua"]
[BlackFideId "426210"]
[WhiteElo "2453"]
[BlackElo "2607"]
[Result "1-0"]
[Round "6"]
[TimeControl "180+1"]
[Date "2023.08.15"]
[WhiteClock "0:00:06"]
[BlackClock "0:00:06"]
[Board "62"]

1. e4 e6 2. d4 d5 3. Nc3 Nf6 4. e5 Nfd7 5. f4 c5 6. Nf3 Nc6 7. Be3 a6 8. Qd2 b5 9. dxc5 Bxc5 10. Bd3 Qb6 11. Bf2 Bxf2+ 12. Qxf2 Nc5 13. O-O b4 14. Ne2 a5 15. a3 O-O 16. Kh1 h6 17. f5 exf5 18. Nf4 Be6 19. Nh5 Ne7 20. Qg3 Ng6 21. Nh4 Nxd3 22. Nxg6 fxg6 23. Qxg6 Rf7 24. cxd3 bxa3 25. bxa3 Kh8 26. Rab1 Qa6 27. Rxf5 Bxf5 28. Qxf7 Qg6 29. Qxg6 Bxg6 30. Nf4 Bf5 31. Rb5 Rc8 32. h3 Rc3 33. Rxa5 Bxd3 34. e6 Bf5 35. Ra8+ Kh7 36. e7 Bd7 37. Rd8 Ba4 38. Nxd5 Rc1+ 39. Kh2 Re1 40. Kg3 Bc6 41. Kf2 Re5 42. Nb4 Bb5 43. Rd5 Re2+ 44. Kf3 Rxe7 45. Rxb5 Rf7+ 46. Ke3 Ra7 47. Nc2 Re7+ 48. Kf2 Rc7 49. Rb2 Rc3 50. Ra2 Rb3 51. a4 Rc3 52. a5 Rc7 53. a6 Ra7 54. Nb4 Kg6 55. Nc6 Ra8 56. a7 Kf6 57. Ke3 Ke6 58. Kd4 Kd6 59. Ne5 Kc7 60. Nc4 Kc6 61. Ke5 Kc5 62. Ne3 Re8+ 63. Kf4 Rf8+ 64. Nf5 Ra8 65. Nxg7 Rxa7 66. Rxa7 1-0


[Site "https://www.chess.com"]

[Event "Titled Tuesday Blitz August 15 Late 2023"]
[White "Harriott, Tyrell"]
[Black "Isajevsky, Anton"]
[WhiteFideId "2086484"]
[BlackFideId "4142500"]
[WhiteElo "2441"]
[BlackElo "2602"]
[Result "1-0"]
[Round "6"]
[TimeControl "180+1"]
[Date "2023.08.15"]
[WhiteClock "0:00:16"]
[BlackClock "0:00:00"]
[Board "63"]

1. d4 d5 2. e3 Nf6 3. Bd3 c5 4. c3 Nc6 5. f4 Bg4 6. Ne2 e6 7. Nd2 Bd6 8. O-O Qc7 9. Nf3 Bf5 10. Ne5 O-O 11. Ng3 Bxd3 12. Qxd3 Ne7 13. Bd2 Ne8 14. Qe2 f6 15. Nd3 c4 16. Nf2 f5 17. Ngh1 Nf6 18. g4 b5 19. a3 a5 20. Qf3 Ne4 21. Be1 Rab8 22. Ng3 b4 23. axb4 axb4 24. gxf5 exf5 25. Nfxe4 dxe4 26. Qh5 g6 27. Qh3 Nd5 28. Ne2 b3 29. Kh1 Ra8 30. Rb1 Ra2 31. Rg1 Ba3 32. Ng3 Bxb2 33. Nxf5 Bxc3 34. Nh6+ Kg7 35. Nf5+ Kg8 36. Ng3 Bxe1 37. Rbxe1 Qe7 38. f5 g5 39. Qg4 Kh8 40. Nxe4 Rf2 41. Ng3 Nf6 42. Qh3 g4 43. Qh6 c3 44. e4 c2 45. Qe3 Rf3 46. Qc1 Rc8 47. Qb2 Qg7 48. e5 Nd5 49. f6 Qg6 50. e6 Rfc3 51. e7 Nxf6 52. Rgf1 Ne8 53. d5 1-0


[Site "https://www.chess.com"]

[Event "Titled Tuesday Blitz August 15 Late 2023"]
[White "Caspi, Israel"]
[Black "Vafin, Ayrat"]
[WhiteFideId "2807394"]
[BlackFideId "4146530"]
[WhiteElo "2599"]
[BlackElo "2438"]
[Result "0-1"]
[Round "6"]
[TimeControl "180+1"]
[Date "2023.08.15"]
[WhiteClock "0:02:24"]
[BlackClock "0:01:49"]
[Board "64"]

1. e4 e5 2. Nf3 Nf6 3. Nc3 Bb4 4. Nxe5 O-O 5. Nd3 Bxc3 6. dxc3 Nxe4 7. Be2 Re8 8. O-O d6 9. c4 Nd7 10. b3 Nc3 11. Qd2 Nxe2+ 12. Kh1 Nxc1 13. Raxc1 Nc5 14. Nf4 Bf5 15. f3 Qg5 16. g4 Ne6 17. gxf5 Qxf4 18. Qd5 Ng5 19. Qxb7 Rab8 20. Qxc7 Nxf3 21. Kg2 Nh4+ 22. Kh3 Re3+ 23. Rf3 Rxf3# 0-1


[Site "https://www.chess.com"]

[Event "Titled Tuesday Blitz August 15 Late 2023"]
[White "Manukyan, Sargis A."]
[Black "Todorovic, Bojan"]
[WhiteFideId "13303970"]
[BlackFideId "917087"]
[WhiteElo "2590"]
[BlackElo "2423"]
[Result "1-0"]
[Round "6"]
[TimeControl "180+1"]
[Date "2023.08.15"]
[WhiteClock "0:00:15"]
[BlackClock "0:00:00"]
[Board "65"]

1. d4 g6 2. c4 Bg7 3. Nc3 d6 4. Nf3 Bg4 5. g3 Bxf3 6. exf3 c6 7. Bg2 Nf6 8. f4 O-O 9. O-O e6 10. Re1 d5 11. c5 b6 12. b4 a5 13. Na4 b5 14. Nb6 Ra6 15. bxa5 Rxa5 16. Bd2 Ra6 17. a4 bxa4 18. Rxa4 Rxa4 19. Qxa4 Nfd7 20. Be3 Nxb6 21. cxb6 Qxb6 22. Qa1 Nd7 23. Rb1 Qc7 24. Rc1 c5 25. Qa3 c4 26. Qe7 Bf6 27. Qa3 Rb8 28. h4 h5 29. Bf3 Qb6 30. Kg2 Bxd4 31. Rb1 Qxb1 32. Bxd4 Qb7 33. Qd6 Rc8 34. f5 Qc6 35. Qf4 e5 36. Bxe5 Nxe5 37. Qxe5 Rd8 38. fxg6 fxg6 39. Qg5 Qd6 40. Bxh5 Kg7 41. Bxg6 Qf6 42. Qe3 Kxg6 43. f3 d4 44. Qe4+ Kg7 45. Qb7+ Kg8 46. Qc7 Qd6 47. Qxc4+ Kf8 48. Qd3 Qd5 49. h5 Qxh5 50. Qa3+ Kg8 51. Qb3+ Qf7 52. Qd3 Re8 53. Qxd4 Re2+ 54. Kg1 1-0


[Site "https://www.chess.com"]

[Event "Titled Tuesday Blitz August 15 Late 2023"]
[White "Melikhov, Evgeny V."]
[Black "Paszewski, Mateusz"]
[WhiteFideId "4122046"]
[BlackFideId "1141058"]
[WhiteElo "2420"]
[BlackElo "2577"]
[Result "0-1"]
[Round "6"]
[TimeControl "180+1"]
[Date "2023.08.15"]
[WhiteClock "0:00:13"]
[BlackClock "0:00:09"]
[Board "66"]

1. d4 d5 2. c4 c6 3. Nc3 Nf6 4. e3 e6 5. Nf3 Nbd7 6. Bd3 dxc4 7. Bxc4 Bd6 8. O-O O-O 9. e4 e5 10. Bg5 Qe7 11. d5 h6 12. Bh4 Nb6 13. Bb3 Bg4 14. h3 Bh5 15. g4 Bg6 16. Qe2 Rfd8 17. Rfd1 Bh7 18. Bg3 Nfd7 19. Nh4 Nc5 20. f3 Nxb3 21. axb3 Bc5+ 22. Kh2 Bd4 23. Rd3 Qb4 24. Rad1 cxd5 25. Nf5 dxe4 26. Qxe4 Nd7 27. Nd5 Qf8 28. Rxd4 exd4 29. Nfe7+ Kh8 30. Qxd4 Nf6 31. Be5 Nxd5 32. Nxd5 f6 33. Bc7 Rd7 34. Qc4 Bg8 35. Nxf6 Bxc4 36. Nxd7 Qe8 37. bxc4 Qe2+ 38. Kg3 Qxd1 39. Be5 Qe1+ 40. Kf4 Rd8 41. Nc5 Qc1+ 42. Kg3 Qxc4 43. Ne4 Re8 44. Bc3 Qe2 45. Nd6 Rf8 46. Nf5 Rxf5 47. gxf5 Kg8 48. f6 gxf6 49. Bxf6 a6 50. Bc3 Kf7 51. f4 Kg6 52. f5+ Kxf5 0-1


[Site "https://www.chess.com"]

[Event "Titled Tuesday Blitz August 15 Late 2023"]
[White "Przybylski, Wojciech"]
[Black "Blackburn, Jonathan L B"]
[WhiteFideId "1117599"]
[BlackFideId "1801090"]
[WhiteElo "2575"]
[BlackElo "2406"]
[Result "0-1"]
[Round "6"]
[TimeControl "180+1"]
[Date "2023.08.15"]
[WhiteClock "0:00:03"]
[BlackClock "0:00:27"]
[Board "67"]

1. d4 Nf6 2. c4 g6 3. Nf3 Bg7 4. Nc3 d6 5. g3 O-O 6. Bg2 c5 7. O-O Nc6 8. e3 Bf5 9. a3 Ne4 10. Nxe4 Bxe4 11. d5 Na5 12. Nd2 Bd3 13. Qa4 Bxf1 14. Bxf1 a6 15. b4 Bxa1 16. bxa5 Bc3 17. Ne4 Qxa5 18. Qb3 Bg7 19. h4 b5 20. Bd2 bxc4 21. Bxc4 Qc7 22. h5 Rfb8 23. Qa4 Rb1+ 24. Kg2 Qc8 25. Bd3 Rb2 26. Bc1 Rb6 27. Qc4 Rab8 28. Ng5 h6 29. Ne4 f5 30. Nd2 g5 31. Qc2 Qb7 32. Bxf5 Qxd5+ 33. Be4 Qf7 34. Bg6 Qf6 35. Nc4 Rb1 36. Be4 Qc3 37. Bd5+ Kh8 38. Qg6 Qxc1 39. Be4 Qh1# 0-1


[Site "https://www.chess.com"]

[Event "Titled Tuesday Blitz August 15 Late 2023"]
[White "Silvestre, Christian"]
[Black "Kirk, Ezra"]
[WhiteFideId "30956269"]
[BlackFideId "600067"]
[WhiteElo "2374"]
[BlackElo "2575"]
[Result "1-0"]
[Round "6"]
[TimeControl "180+1"]
[Date "2023.08.15"]
[WhiteClock "0:00:20"]
[BlackClock "0:00:00"]
[Board "68"]

1. e4 e6 2. Qe2 e5 3. Nf3 Nc6 4. c3 Nf6 5. g3 Be7 6. Bg2 O-O 7. O-O Re8 8. Rd1 d5 9. d3 h6 10. h3 a5 11. a4 Bc5 12. Be3 d4 13. Bc1 Be6 14. c4 Nd7 15. Nh4 Bf8 16. Na3 Nc5 17. Nc2 Nb3 18. Ra2 Be7 19. Nf5 Bg5 20. Bxg5 hxg5 21. g4 g6 22. Ng3 Nc5 23. Nf1 Kg7 24. Nd2 f6 25. b3 Bd7 26. Raa1 Ne6 27. Bf1 Rh8 28. Qf3 Qe7 29. Ne1 Ncd8 30. Ng2 Nf4 31. Nxf4 gxf4 32. Qg2 Ne6 33. Nf3 Ng5 34. Nxg5 fxg5 35. f3 Rh7 36. Qd2 b6 37. Re1 Rah8 38. Re2 Rxh3 39. Bxh3 Rxh3 40. Rf1 Qa3 41. Qb2 Qb4 42. Rh2 Rxh2 43. Kxh2 Bxa4 44. Rb1 Bd7 45. Kg2 Kf6 46. Qc1 Qf8 47. Qh1 b5 48. Qh7 Qg7 49. Qxg7+ Kxg7 50. Rc1 b4 51. Ra1 a4 52. bxa4 Bc8 53. c5 Ba6 54. Rb1 Bxd3 55. Rxb4 Ba6 56. Rb8 Kf7 57. Ra8 Bc4 58. Ra7 Ke6 59. Rxc7 d3 60. Rc8 Ke7 61. Rc6 Bb3 62. Rd6 Bxa4 63. Rxd3 Bb5 64. Rd6 1-0


[Site "https://www.chess.com"]

[Event "Titled Tuesday Blitz August 15 Late 2023"]
[White "Schekachikhin, Maksim"]
[Black "BeautiFullMindChess"]
[WhiteFideId "24177830"]
[WhiteElo "2571"]
[BlackElo "2231"]
[Result "1-0"]
[Round "6"]
[TimeControl "180+1"]
[Date "2023.08.15"]
[WhiteClock "0:00:18"]
[BlackClock "0:00:04"]
[Board "69"]

1. d4 f5 2. Bf4 Nf6 3. e3 g6 4. Nf3 Bg7 5. Bc4 d5 6. Bb3 O-O 7. c4 c6 8. Nc3 e6 9. h3 Ne4 10. O-O g5 11. Be5 Bh6 12. Nxe4 dxe4 13. Nd2 Nd7 14. Bd6 Rf6 15. c5 Rg6 16. f3 g4 17. f4 gxh3 18. Rf2 Nf6 19. Qe1 Ng4 20. Re2 h2+ 21. Kh1 Bd7 22. Nf1 Kf7 23. Rd2 Qf6 24. Bd1 Rag8 25. b4 Bf8 26. Bxg4 Rxg4 27. Be5 Qh6 28. g3 Qg6 29. Rxh2 h5 30. Qf2 Be7 31. Rh3 h4 32. Kg2 hxg3 33. Qg1 Rh4 34. Rxh4 Bxh4 35. Nd2 Qg4 36. Qd1 b6 37. Qxg4 Rxg4 38. Rh1 bxc5 39. dxc5 Bc8 40. Nc4 Ba6 41. Nd6+ Ke7 42. Re1 Bd3 43. a4 Kd7 44. b5 Kd8 45. bxc6 Kc7 46. Nxf5+ Kxc6 47. Nxh4 Rxh4 48. Kxg3 Rh6 49. Bd4 Rg6+ 50. Kh4 Kd5 51. Rc1 Rg8 52. c6 Be2 53. c7 Ba6 54. Rc5+ Kd6 55. Ra5 Bc8 56. Be5+ Kc6 57. Rxa7 Kb6 58. Ra8 Rh8+ 59. Kg5 Rg8+ 60. Kf6 Kb7 61. Rb8+ Kc6 62. a5 Rf8+ 63. Ke7 Rg8 64. a6 Bxa6 65. Rxg8 Bb7 66. c8=Q+ Bxc8 67. Rxc8+ 1-0


[Site "https://www.chess.com"]

[Event "Titled Tuesday Blitz August 15 Late 2023"]
[White "Sarana, Alexey"]
[Black "Daianu, Cristian-Clement"]
[WhiteFideId "24133795"]
[BlackFideId "1208926"]
[WhiteElo "3045"]
[BlackElo "2372"]
[Result "1-0"]
[Round "6"]
[TimeControl "180+1"]
[Date "2023.08.15"]
[WhiteClock "0:02:27"]
[BlackClock "0:01:46"]
[Board "70"]

1. d4 d5 2. c4 e6 3. Nc3 f5 4. Bf4 c6 5. cxd5 exd5 6. e3 Bd6 7. Bxd6 Qxd6 8. Bd3 Nf6 9. Nf3 O-O 10. Ne5 Ne4 11. f3 Nf6 12. Qc2 Nbd7 13. f4 Ne4 14. Nxe4 fxe4 15. Be2 Nxe5 16. dxe5 Qc7 17. b4 Qb6 18. Qc3 a5 19. bxa5 Rxa5 20. a4 Qa7 21. O-O Rxa4 22. Rxa4 Qxa4 23. Ra1 1-0


[Site "https://www.chess.com"]

[Event "Titled Tuesday Blitz August 15 Late 2023"]
[White "Dinu, Dumitru-Daniel"]
[Black "Troff, Kayden"]
[WhiteFideId "1208403"]
[BlackFideId "2047896"]
[WhiteElo "2484"]
[BlackElo "2758"]
[Result "0-1"]
[Round "6"]
[TimeControl "180+1"]
[Date "2023.08.15"]
[WhiteClock "0:01:55"]
[BlackClock "0:02:04"]
[Board "71"]

1. e4 c5 2. b3 a6 3. Bb2 Nc6 4. Nf3 d6 5. d4 cxd4 6. Nxd4 e5 7. Nxc6 bxc6 8. Bc4 Nf6 9. O-O g5 10. Nd2 h5 11. Nf3 Bh6 12. Ba3 g4 13. Ne1 Nxe4 14. Bd3 Nc3 0-1


[Site "https://www.chess.com"]

[Event "Titled Tuesday Blitz August 15 Late 2023"]
[White "Yeritsyan, Hayk"]
[Black "GaiozNigalidze"]
[WhiteFideId "13307320"]
[WhiteElo "2479"]
[BlackElo "2713"]
[Result "1-0"]
[Round "6"]
[TimeControl "180+1"]
[Date "2023.08.15"]
[WhiteClock "0:00:39"]
[BlackClock "0:00:13"]
[Board "72"]

1. d4 Nf6 2. Nf3 g6 3. Bf4 Bg7 4. h3 d6 5. e3 c6 6. c3 Nbd7 7. Be2 O-O 8. O-O Re8 9. Bh2 Qb6 10. Nbd2 Qxb2 11. Nc4 Qxc3 12. Rc1 Qb4 13. Rb1 Qxb1 14. Qxb1 Nd5 15. Rc1 h6 16. Na5 Rb8 17. e4 N5b6 18. e5 dxe5 19. Nxe5 Nxe5 20. dxe5 Bf5 21. Bd3 Be6 22. Nc4 Nd5 23. Ne3 Nxe3 24. fxe3 Red8 25. Rd1 Rd5 26. Be4 Rxd1+ 27. Qxd1 Bxa2 28. e6 Re8 29. exf7+ Bxf7 30. Qd7 c5 31. Qxb7 Rd8 32. Qxa7 c4 33. Qc7 Rd1+ 34. Kf2 Rd2+ 35. Kf3 c3 36. Be5 Bxe5 37. Qxe5 c2 38. Qc3 Rd6 39. Qxc2 Rf6+ 40. Ke2 Rd6 41. Kf2 Rf6+ 42. Bf3 Rd6 43. Qc3 Rf6 44. Qe5 Kf8 45. h4 h5 46. e4 Be8 47. Ke3 Bd7 48. Qg5 Kg7 49. e5 Rf7 50. Be4 Be8 1-0


[Site "https://www.chess.com"]

[Event "Titled Tuesday Blitz August 15 Late 2023"]
[White "Leiva, Gianmarco"]
[Black "Arencibia Monduy, Antonio"]
[WhiteFideId "3804399"]
[BlackFideId "3507939"]
[WhiteElo "2697"]
[BlackElo "2470"]
[Result "1-0"]
[Round "6"]
[TimeControl "180+1"]
[Date "2023.08.15"]
[WhiteClock "0:00:03"]
[BlackClock "0:00:13"]
[Board "73"]

1. d4 Nf6 2. Nf3 c5 3. d5 d6 4. Nc3 e6 5. e4 exd5 6. exd5 g6 7. a4 Bg7 8. Bb5+ Nbd7 9. Qe2+ Kf8 10. Bf4 Ne8 11. O-O a6 12. Rfe1 axb5 13. Qxe8+ Qxe8 14. Bxd6+ Kg8 15. Rxe8+ Bf8 16. Bxf8 Nxf8 17. Nxb5 Kg7 18. Nc7 Rb8 19. Rae1 Nd7 20. Rxh8 Kxh8 21. Re8+ Kg7 22. a5 b5 23. axb6 Nxb6 24. Ne5 Rb7 25. d6 Bf5 26. c3 Nc8 27. Re7 Nxd6 28. Ne8+ Kf8 29. Rxb7 Nxb7 30. Nf6 Ke7 31. Nxh7 f6 32. g4 fxe5 33. gxf5 gxf5 34. Ng5 Nd6 35. f4 e4 36. Nh3 Nc4 37. b4 cxb4 38. cxb4 Kd6 39. Kf2 Kd5 40. Kg3 Kd4 41. Kh4 e3 42. Kg5 Nd6 43. Ng1 Kc4 44. h4 Kxb4 45. h5 Kc3 46. h6 Nf7+ 47. Kg6 Nxh6 48. Kxh6 Kd3 49. Kg5 Ke4 50. Ne2 Kf3 51. Nc3 Kf2 52. Kxf5 Ke1 53. Ke4 Kd2 54. Kd4 e2 55. Nxe2 1-0


[Site "https://www.chess.com"]

[Event "Titled Tuesday Blitz August 15 Late 2023"]
[White "Gubajdullin, Alexei"]
[Black "brm72"]
[WhiteFideId "4141202"]
[WhiteElo "2690"]
[BlackElo "2470"]
[Result "0-1"]
[Round "6"]
[TimeControl "180+1"]
[Date "2023.08.15"]
[WhiteClock "0:00:00"]
[BlackClock "0:00:18"]
[Board "74"]

1. d4 Nf6 2. Nf3 g6 3. Bf4 Bg7 4. e3 O-O 5. Be2 d6 6. O-O b6 7. h3 c5 8. a4 a6 9. c3 Nbd7 10. Nbd2 Bb7 11. Bh2 Ra7 12. Ne1 Qa8 13. Bf3 Ne4 14. Nxe4 Bxe4 15. Bxe4 Qxe4 16. Qf3 Qxf3 17. Nxf3 Rfa8 18. Nd2 b5 19. a5 Rb7 20. d5 b4 21. Rfc1 bxc3 22. bxc3 Rab8 23. Bg3 Rb2 24. Nc4 R2b3 25. Ra3 Rb1 26. Rxb1 Rxb1+ 27. Kh2 Kf8 28. f3 Ke8 29. Nd2 Rb5 30. Ne4 h6 31. Bxd6 f5 32. c4 Rb2 33. Nxc5 exd6 34. Nxa6 Kd8 35. c5 dxc5 36. f4 g5 37. d6 Bf8 38. Nc7 Bxd6 39. Ne6+ Ke7 40. Ng7 gxf4 41. Nxf5+ Ke6 42. Nxd6 Kxd6 43. exf4 c4 44. a6 Nb6 45. a7 Na8 46. Ra6+ Rb6 47. Ra5 c3 48. Ra1 Kd5 49. Kg3 Kc4 50. Kg4 c2 51. Kh5 Rb1 52. Ra6 Kb5 0-1


[Site "https://www.chess.com"]